 Dungeon Crawl Stone Soup version 0.18-a0-1666-g3ea6f2b (console) character file.

236 Liam the Conjurer (level 5, -4/28 HPs)
             Began as a Deep Elf Conjurer on Mar 31, 2016.
             Shot with an arrow by a centaur (11 damage)
             ... on level 3 of the Dungeon.
             The game lasted 00:04:11 (2141 turns).

Liam the Conjurer (Deep Elf Conjurer)               Turns: 2141, Time: 00:04:12

Health: -4/28      AC:  2    Str:  5    XL:     5   Next: 77%
Magic:  12/15      EV: 12    Int: 21    God:
Gold:   166        SH:  0    Dex: 15    Spells: 3 memorised, 5 levels left

rFire  . . .     SeeInvis .     s - staff of conjuration
rCold  . . .     Gourm    .     a - +0 robe
rNeg   . . .     Faith    .     (no shield)
rPois  .         Spirit   .     (no helmet)
rElec  .         Dismiss  .     (no cloak)
rCorr  .         Reflect  .     (no gloves)
SustAt .         Harm     .     (no boots)
MR     .....                    (no amulet)
Stlth  ++........               (no ring)
                                (no ring)

@: drained, not resistant to hostile enchantments, unstealthy
A: no striking features
a: no special abilities


You were on level 3 of the Dungeon.
You were hungry.

You visited 1 branch of the dungeon, and saw 3 of its levels.

You collected 166 gold pieces.

Inventory:

Armour
 a - a +0 robe (worn)
Magical Staves
 s - an uncursed staff of conjuration (weapon)
Jewellery
 m - an uncursed amulet of dismissal
 p - an uncursed amulet of harm
Wands
 v - a wand of disintegration (11/24)
 w - a wand of lightning (3/15)
Scrolls
 e - 3 scrolls of noise {unknown}
 f - 4 scrolls of identify {unknown}
 g - a scroll of remove curse {unknown}
 k - a scroll of fog {unknown}
 o - a scroll of teleportation {unknown}
 q - a scroll of recharging {unknown}
 r - a scroll of enchant armour {unknown}
Potions
 d - 2 potions of agility {unknown}
 h - a potion of degeneration {unknown}
 i - a potion of magic {unknown}
 l - a potion of ambrosia {unknown}
 u - a potion of cure mutation {unknown}
Books
 b - a book of Conjurations

   Spells                             Type                      Level
   a - Magic Dart                     Conjuration                  1
   b - Searing Ray                    Conjuration                  2
   c - Dazzling Spray                 Conjuration/Hexes            3
   d - Fulminant Prism                Conjuration/Hexes            4
   e - Iskenderun's Mystic Blast      Conjuration                  4
   f - Iskenderun's Battlesphere      Conjuration/Charms           5
Comestibles
 c - a bread ration
 j - 2 slices of pizza
 n - 4 fruits
 t - a beef jerky


   Skills:
 - Level 2.5(2.2) Dodging
 - Level 2.6(2.3) Stealth
 + Level 5.6(5.3) Spellcasting
 + Level 6.3(6.0) Conjurations
 + Level 1.7(1.4) Charms


You had 5 spell levels left.
You knew the following spells:

 Your Spells              Type           Power        Failure   Level  Hunger
a - Magic Dart            Conj           ####         1%          1    None
p - Iskenderun's Battles  Conj/Chrm      ####....     67%         5    #####..
x - Iskenderun's Mystic   Conj           #####...     12%         4    ####...


Dungeon Overview and Level Annotations

Branches:
Dungeon (3/15)

Altars:
Xom


Message History

Confirm with . or Enter, or press ? or * to list all spells.
Aiming: Magic Dart
Press: ? - help, Shift-Dir - straight line, f - centaur
Aim: a centaur (resting)
You feel a surge of power!
The magic dart hits the centaur.
The centaur is moderately wounded.
The centaur shouts!
The centaur wields a shortbow.
The centaur shoots an arrow.
The arrow hits you!
Ouch! That really hurt!
Casting: Magic Dart
Confirm with . or Enter, or press ? or * to list all spells.
Aiming: Magic Dart
Press: ? - help, Shift-Dir - straight line, f/p - centaur
Aim: a centaur, wielding a shortbow (moderately wounded)
You feel a surge of power!
The magic dart hits the centaur.
The centaur is moderately wounded.
The centaur shoots an arrow.
The arrow hits you.
* * * LOW HITPOINT WARNING * * *
The centaur shoots an arrow.
The arrow hits you!
You die...

#..>....#
#.......#
#####'###
#############.#
#.............#
.
#.#############
).. #†#
...c.#'###
#.....@.#
#.......#
#...†...#
#.......#
#.......#
#.......#
#.......#
#.#######


You could see a centaur.

Vanquished Creatures
  2 orc wizards (D:3)
  Ijyb (D:3)
  A centaur skeleton (D:3)
  6 adders
  2 dart slugs
  2 giant geckos
  3 orcs (D:3)
  A ball python (D:1)
  A giant cockroach (D:2)
  6 goblins
  11 hobgoblins
  2 jackals (D:2)
  10 kobolds
  A quokka (D:2)
  6 bats
  2 giant newts
  4 rats
61 creatures vanquished.

Notes
Turn   | Place    | Note
--------------------------------------------------------------
     0 | D:1      | Liam the Deep Elf Conjurer began the quest for the Orb.
     0 | D:1      | Reached XP level 1. HP: 10/10 MP: 6/6
   151 | D:1      | Reached XP level 2. HP: 15/15 MP: 4/8
   501 | D:2      | Reached skill level 5 in Conjurations
   514 | D:2      | Reached XP level 3. HP: 19/19 MP: 5/10
   682 | D:2      | Found a faded altar to an unknown god.
   797 | D:2      | Found a shimmering altar of Xom.
   933 | D:2      | Reached XP level 4. HP: 24/24 MP: 3/12
  1631 | D:3      | Reached skill level 5 in Spellcasting
  1631 | D:3      | Reached skill level 6 in Conjurations
  1631 | D:3      | Reached XP level 5. HP: 28/28 MP: 3/14
  1815 | D:3      | Learned a level 4 spell: Iskenderun's Mystic Blast
  1821 | D:3      | Learned a level 5 spell: Iskenderun's Battlesphere
  1900 | D:3      | Reached skill level 1 in Charms
  1986 | D:3      | Noticed Ijyb
  1991 | D:3      | Killed Ijyb
  2139 | D:3      | Noticed a centaur
  2141 | D:3      | Shot with an arrow by a centaur

Vault maps used:
D:1:      eino_arrival_cavern_d
D:2:      nicolae_overflow_crystal_walls, ecumenical_altar_2
D:3:      uniq_natasha, uniq_iyjb

Skill      XL: |  1  2  3  4  5 |
---------------+----------------+-----
Conjurations   | 5 6 |  6.3
Spellcasting   | 4 5 |  5.6
Charms         | 1 |  1.7
Dodging        | |  2.5
Stealth        | |  2.6

Action                   |  1- 3 |  4- 6 || total
-------------------------+-------+-------++-------
 Cast: Magic Dart        |    65 |    78 ||   143
  Eat: Chunk             |       |     3 ||     3
